 Dungeon Crawl Stone Soup version 0.30-a0-557-ge2afbf3030 (webtiles) character file.

Game seed: 4381065562018824250

484 oldriver the Shooter (level 7, -2/61 HPs)
             Began as a Naga Artificer on Dec 28, 2022.
             Slain by Duvessa
             ... wielding a +0 short sword
              (4 damage)
             ... on level 4 of the Dungeon.
             The game lasted 00:06:55 (3732 turns).

oldriver the Shooter (Naga Artificer)               Turns: 3732, Time: 00:06:56

Health: -2/61      AC:  7    Str: 15    XL:     7   Next: 12%
Magic:  7/7        EV:  9    Int: 11    God:
Gold:   140        SH:  0    Dex: 13    Spells: 6/6 levels left

rFire   . . .      SeeInvis +    r - +2 sling (freeze)
rCold   . . .      Faith    .    (no shield)
rNeg    . . .      Spirit   .    b - +0 leather armour
rPois   +          Reflect  .    v - +2 helmet
rElec   .          Harm     .    (no cloak)
rCorr   .          Rampage  .    (no gloves)
Will    ++...                    (no barding)
Stlth   ++                       (no amulet)
HPRegen 0.30/turn                p - ring of willpower
MPRegen 0.10/turn                t - ring of willpower

@: mighty, attractive, invisible, very slow
A: AC +2, large, see invisible, deformed body, poison resistance, slowness 2,
spit poison 1, naga tail 1
a: Spit Poison


You were on level 4 of the Dungeon.
You visited 1 branch of the dungeon, and saw 4 of its levels.

You collected 140 gold pieces.

Inventory:

Hand Weapons
 i - a +0 heavy sling
 r - a +2 sling of freezing (weapon)
 u - a +11 club
Missiles
 s - 14 poisoned darts
Armour
 b - a +0 leather armour (worn)
 v - a +2 helmet (worn)
Jewellery
 p - a ring of willpower (left hand)
 t - a ring of willpower (right hand)
 x - a ring of protection from fire
 A - a +4 ring of protection
Wands
 c - a wand of flame (13)
 d - a wand of charming (8)
 e - a wand of iceblast (2)
Scrolls
 a - a scroll of poison {unknown}
 g - 3 scrolls of identify {unknown}
 l - a scroll of teleportation
 n - 4 scrolls of enchant armour {unknown}
 o - a scroll of enchant weapon {unknown}
 q - a scroll of fear {unknown}
 y - a scroll of amnesia {unknown}
 z - a scroll of blinking {unknown}
Potions
 f - a potion of magic
 h - 2 potions of might
 j - a potion of attraction
 m - a potion of lignification {unknown}
 w - a potion of curing {unknown}


   Skills:
 + Level 2.7 Fighting
 * Level 5.4 Ranged Weapons
 - Level 1.5 Armour
 - Level 1.0 Dodging
 - Level 4.0 Stealth
 - Level 3.0 Evocations


You had 6 spell levels left.
You didn't know any spells.
Your spell library contained the following spells:

 Spells                   Type           Power      Damage    Failure   Level
 Cigotuvi's Dreadful Rot  Necr/Pois/Air  0%         N/A       54%         2
 Static Discharge         Conj/Air       0%         2-2/arc   54%         2
 Vhi's Electric Charge    Tloc/Air       0%         N/A       78%         3
 Dispel Undead            Necr           0%         3d6       99%         4
 Arcjolt                  Conj/Air       0%         1d10      100%        5
 Lightning Bolt           Conj/Air       0%         1d11      100%        5
 Death Channel            Necr           0%         N/A       100%        6


Dungeon Overview and Level Annotations

Branches:
Dungeon (4/15)
 Temple: D:4-7

Altars:
Kikubaaqudgha
Sif Muna

Annotations:
D:4 Duvessa


Innate Abilities, Weirdness & Mutations

Your serpentine skin is tough. (AC +2)
You have supernaturally acute eyesight. (SInv)
Armour fits poorly on your strangely shaped body.
Your system is resistant to poisons. (rPois)
You cover ground very slowly.
You can spit poison.
You have a snake-like lower body.


Message History

Duvessa is nearby!
Duvessa is nearby!
Duvessa is nearby!
The splash of poison hits Duvessa but does no damage.
Duvessa is poisoned.
Aiming: Iceblast
Press: ? - help, Shift-Dir - straight line, p - Duvessa The mass of ice explodes!
The iceblast engulfs Duvessa!
Duvessa partially resists.
Duvessa is lightly wounded.
You hear an angry hiss.
Duvessa hits you with a +0 short sword. x2
Aiming: Throw Flame
Press: ? - help, Shift-Dir - straight line, f - Duvessa
Aim: Duvessa, wielding a +0 short sword and wearing a +2 leather armour of cold resistance (lightly wounded, berserk, poisoned, 75% to hit)
The puff of flame hits Duvessa!
Duvessa is moderately wounded.
Duvessa hits you with a +0 short sword!
Aiming: Throw Flame
Press: ? - help, Shift-Dir - straight line, f/p - Duvessa
Aim: Duvessa, wielding a +0 short sword and wearing a +2 leather armour of cold resistance (moderately wounded, berserk, poisoned, 75% to hit)
The puff of flame hits Duvessa but does no damage.
Duvessa is moderately wounded.
Duvessa completely misses you. Duvessa hits you with a +0 short sword.
It was a potion of might.
You feel very mighty all of a sudden.
You have got your breath back.
Duvessa hits you with a +0 short sword!
It was a potion of attraction.
You feel attractive to monsters. Duvessa hits you with a +0 short sword!
Duvessa hits you with a +0 short sword.
It was a potion of magic.
Magic courses through your body. Duvessa hits you with a +0 short sword!
* * * LOW HITPOINT WARNING * * *
It was a potion of invisibility.
You fade into invisibility!
Duvessa hits you with a +0 short sword.
* * * LOW HITPOINT WARNING * * *
Duvessa hits you with a +0 short sword.
You die...

.......#..#.##.|.......##.....
##.......###....#..##.#...#
###....#...#..)....#.#......#
..
......###...#.###.##.#..).#.#..
......#...#.............### #.
.........##...........#.# ^
....<.#.###.####....#.#.# .#
.<..###.###.####....#.#e###.#
#...............@e....#.....#
..##...........#......#..>..#
..
#......#.####..........#......
. ##............#.........
.####
#####....................... ..
..##...............##.....###
## ...................##..####
........(.........# #...
...........##..... ##.


You could see Duvessa (berserk, unable to see you, poisoned).

Vanquished Creatures
  Grinder (D:3)
  A black bear (D:4)
  A hound (D:4)
  Robin (D:3)
  4 adders
  2 worms
  4 dart slugs
  6 orcs
  7 bats
  6 endoplasms
  2 giant cockroaches (D:1)
  4 hobgoblins
  5 jackals
  3 quokkas
  6 ball pythons
  8 frilled lizards
  7 goblins
  8 kobolds
  7 rats
83 creatures vanquished.

Vanquished Creatures (collateral kills)
  3 goblins
  5 hobgoblins (D:3)
  A jackal (D:4)
9 creatures vanquished.

Vanquished Creatures (others)
  Dowan (D:4)
1 creature vanquished.

Grand Total: 93 creatures vanquished

Notes
Turn   | Place    | Note
-------+----------+-------------------------------------------
     0 | D:1      | oldriver the Naga Artificer began the quest for the Orb.
     0 | D:1      | Reached XP level 1. HP: 18/18 MP: 1/1
   127 | D:1      | Reached XP level 2. HP: 20/25 MP: 2/2
   725 | D:1      | Reached skill level 1 in Ranged Weapons
   797 | D:1      | Reached XP level 3. HP: 32/32 MP: 3/3
  1118 | D:2      | Reached skill level 1 in Dodging
  1233 | D:2      | You fall into a shaft and drop 2 floors!
  1272 | D:3      | Reached XP level 4. HP: 14/39 MP: 4/4
  1908 | D:2      | Reached skill level 2 in Ranged Weapons
  1932 | D:2      | Found an ancient bone altar of Kikubaaqudgha.
  2059 | D:2      | Found a faded altar of an unknown god.
  2445 | D:3      | Found a shimmering blue altar of Sif Muna.
  2460 | D:3      | Noticed Robin
  2577 | D:3      | Killed Robin
  2578 | D:3      | Reached XP level 5. HP: 24/45 MP: 5/5
  2686 | D:3      | Reached skill level 3 in Ranged Weapons
  2886 | D:3      | Noticed Grinder
  2903 | D:3      | Killed Grinder
  2904 | D:3      | Reached skill level 4 in Ranged Weapons
  2904 | D:3      | Reached XP level 6. HP: 19/52 MP: 6/6
  3318 | D:4      | Noticed a black bear
  3326 | D:4      | Killed a black bear
  3327 | D:4      | Reached skill level 5 in Ranged Weapons
  3327 | D:4      | Reached XP level 7. HP: 56/61 MP: 7/7
  3422 | D:4      | Noticed Dowan
  3423 | D:4      | Noticed Duvessa
  3440 | D:4      | Your ally Dowan died
  3732 | D:4      | HP: 2/61 [Duvessa/+0 short sword (6)]
  3732 | D:4      | Slain by Duvessa

Illustrated notes

Levels and vault maps discovered:
D:1:      heliophobic_arrival_henge, layout_basic, serial_aquarium,
          aquarium_bridge_square [aquarium_subvault_window,
          aquarium_subvault_bridge, aquarium_subvault_bridge,
          aquarium_subvault_bridge], aquarium_bridge_straight
          [aquarium_subvault_bridge, aquarium_subvault_window,
          aquarium_subvault_bridge, aquarium_subvault_wall], aquarium_window_1,
          aquarium_window_1, aquarium_window_2, aquarium_window_fake,
          aquarium_view_2c, aquarium_view_2d, chequers_serial_rivers_room_a,
          st_stairs_1
D:2:      layout_rooms, basic_altar, hellmonk_ecumenical_altar_blasted
D:3:      layout_loops_ring, mainiacjoe_overflow_tiny_flanked, uniq_robin,
          uniq_grinder
D:4:      layout_cave_pools, lemuel_tele_altar, uniq_duvessa

Skill      XL: |  1  2  3  4  5  6 |
---------------+-------------------+-----
Stealth        | 2 3 4 |  4.0
Ranged Weapons | 1 2 4 5 |  5.4
Fighting       | 2 |  2.7
Dodging        | 1 |  1.0
Armour         | |  1.5
Evocations     | |  3.0

Action                   |  1- 3 |  4- 6 |  7- 9 || total
-------------------------+-------+-------+-------++-------
Melee: Club              |     9 |       |       ||     9
 Fire: Sling             |   118 |   128 |    23 ||   269
 Abil: Spit Poison       |    21 |     8 |     2 ||    31
Evoke: Wand              |       |     3 |    12 ||    15
  Use: Scroll            |     3 |       |     1 ||     4
       Potion            |       |       |     4 ||     4
Armor: Leather armour    |    69 |    16 |     4 ||    89
Dodge: Dodged            |    94 |    29 |     8 ||   131

Table legend: (Time is in decaauts)
 A = Elapsed time spent in this place.
 B = Non-inter-level travel time spent in this place.
 C = Inter-level travel time spent in this place.
 D = Time resting spent in this place.
 E = Time spent auto-exploring this place.
 F = Levels seen in this place.
 G = Mean time per level.
                   A        B        C        D        E       F      G
               +--------+--------+--------+--------+--------+-----+--------+
         Total |   4696 |   4482 |    214 |   1146 |   2443 |   4 | 1174.0 |
       Dungeon |   4696 |   4482 |    214 |   1146 |   2443 |   4 | 1174.0 |
               +--------+--------+--------+--------+--------+-----+--------+

Top non-repeatable levels by time:
     D:3: 1832 daAuts
     D:1: 1446 daAuts
     D:2: 1008 daAuts
     D:4: 409 daAuts
